 Dungeon Crawl Stone Soup version 0.26.1-2-gb8aa6d0cf2 (webtiles) character file.

Game seed: 6054586482856066304

106 jlumianski the Grasshopper (level 4, 0/38 HPs)
             Began as a Gnoll Warper on Mar 21, 2021.
             Slain by Edmund
             ... wielding a +2 dire flail of holy wrath
              (4 damage)
             ... on level 4 of the Dungeon.
             The game lasted 00:10:57 (3216 turns).

jlumianski the Grasshopper (Gnoll Warper)           Turns: 3216, Time: 00:11:02

Health: 0/38       AC:  5    Str: 14    XL:     4   Next: 84%
Magic:  7/11       EV: 13    Int: 16    God:
Gold:   101        SH:  0    Dex: 14    Spells: 5/13 levels left

rFire    . . .     SeeInvis .   n - +0 short sword (venom)
rCold    . . .     Faith    .   (no shield)
rNeg     . . .     Spirit   .   q - +0 ring mail
rPois    .         Reflect  .   (no helmet)
rElec    .         Harm     .   (no cloak)
rCorr    .         Rampage  .   (no gloves)
Will     .....                  (no boots)
Stlth    +.........             (no amulet)
HPRegen  0.12/turn              (no ring)
MPRegen  0.12/turn              (no ring)

@: no status effects
A: distributed training, fangs 1, strong nose
a: no special abilities


You were on level 4 of the Dungeon.
You visited 1 branch of the dungeon, and saw 4 of its levels.

You collected 101 gold pieces.

Inventory:

Hand Weapons
 a - a +0 hand axe
 i - a cursed -1 hand axe
 n - a +0 short sword of venom (weapon)
 o - a +0 rapier
 s - a +1 vorpal flail
 u - a +0 war axe
Missiles
 e - 5 boomerangs of dispersal
 g - 3 boomerangs
 h - 66 stones
 l - 16 bolts
 t - 7 poisoned darts (quivered)
Armour
 b - a +0 leather armour
 q - a +0 ring mail (worn)
Jewellery
 f - a +6 ring of intelligence {unknown}
Scrolls
 d - 2 scrolls of blinking
Potions
 c - a potion of cancellation
 j - a potion of curing {unknown}
 k - a potion of berserk rage {unknown}
 m - a potion of flight {unknown}
 p - a potion of haste {unknown}
 r - a potion of might {unknown}


   Skills:
 + Level 4.7 Fighting
 + Level 1.2 Short Blades
 + Level 1.2 Long Blades
 + Level 4.7 Axes
 + Level 1.2 Maces & Flails
 + Level 1.2 Polearms
 + Level 1.2 Staves
 + Level 1.2 Slings
 + Level 1.2 Bows
 + Level 1.2 Crossbows
 + Level 2.8 Throwing
 + Level 2.8 Armour
 + Level 4.7 Dodging
 + Level 1.2 Stealth
 + Level 1.2 Shields
 + Level 1.2 Unarmed Combat
 + Level 5.1 Spellcasting
 + Level 1.0 Conjurations
 + Level 1.0 Hexes
 + Level 1.0 Summonings
 + Level 1.0 Necromancy
 + Level 5.5 Translocations
 + Level 1.0 Transmutations
 + Level 1.0 Fire Magic
 + Level 1.0 Ice Magic
 + Level 1.0 Air Magic
 + Level 1.0 Earth Magic
 + Level 1.0 Poison Magic
 + Level 1.4 Invocations
 + Level 1.2 Evocations


You had 5 spell levels left.
You knew the following spells:

 Your Spells              Type           Power        Failure   Level
a - Blink                 Tloc           N/A          4%          2
b - Gell's Gravitas       Tloc           10%          10%         3
c - Teleport Other        Tloc           21%          10%         3

Your spell library contained the following spells:

 Spells                   Type           Power        Failure   Level
 Lesser Beckoning         Tloc           10%          10%         3
 Passage of Golubria      Tloc           N/A          30%         4


Dungeon Overview and Level Annotations

Branches:
Dungeon (4/15)
 Temple: D:4-7

Altars:
Elyvilon
Hepliaklqana

Annotations:
D:4 Edmund


Innate Abilities, Weirdness & Mutations

Your experience applies equally to all skills.
You have very sharp teeth.
Your uncanny sense of smell can sniff out nearby items.


Message History

Level annotation: Edmund Edmund hits you with a +2 dire flail of holy wrath.
There is a stone staircase leading up here.
You barely miss Edmund.
Edmund hits you with a +2 dire flail of holy wrath!
You hit Edmund.
Edmund is poisoned.
Edmund is lightly wounded.
Edmund hits you with a +2 dire flail of holy wrath.
You barely miss Edmund.
Edmund is lightly wounded.
Edmund hits you with a +2 dire flail of holy wrath!
* * * LOW HITPOINT WARNING * * *
Casting: Gell's Gravitas (dangerous; 10% risk of failure)
Confirm with . or Enter, or press ? or * to list all spells.
Aiming: Teleport Other (dangerous; 10% risk of failure)
Press: ? - help, Shift-Dir - straight line, f - Edmund
Aim: Edmund, wielding a +2 dire flail of holy wrath and wearing a +0 ring mail (lightly wounded, very poisoned, chance to affect: 60%) Edmund resists with significant effort.
Edmund hits you with a +2 dire flail of holy wrath.
You die...

##### ##.
#...#
....##...#
.......@.#
.......@#
....##.##
# #. ..
#.. ...
##.# .#


You could see Edmund (very poisoned).

Vanquished Creatures
  An orc priest (D:3)
  2 worms (D:2)
  2 dart slugs (D:1)
  3 leopard geckos
  7 orcs (D:3)
  3 giant cockroaches
  7 goblins
  5 hobgoblins
  2 jackals (D:2)
  5 kobolds
  A quokka (D:3)
  7 bats
  9 frilled lizards
  4 rats
58 creatures vanquished.

Vanquished Creatures (others)
  3 plants (D:2)
3 creatures vanquished.

Grand Total: 61 creatures vanquished

Notes
Turn   | Place    | Note
-------+----------+-------------------------------------------
     0 | D:1      | jlumianski the Gnoll Warper began the quest for the Orb.
     0 | D:1      | Reached XP level 1. HP: 20/20 MP: 6/6
   208 | D:1      | Reached XP level 2. HP: 26/26 MP: 7/7
   216 | D:1      | Learned a level 2 spell: Blink
   772 | D:2      | Reached XP level 3. HP: 31/31 MP: 9/9
   782 | D:2      | Reached skill level 5 in Spellcasting
  1373 | D:2      | Learned a level 3 spell: Gell's Gravitas
  1377 | D:2      | Learned a level 3 spell: Teleport Other
  1416 | D:2      | Reached skill level 1 in Invocations
  1590 | D:2      | Found a hazy altar of Hepliaklqana.
  2295 | D:3      | Reached skill level 1 in Short Blades
  2295 | D:3      | Reached skill level 1 in Long Blades
  2295 | D:3      | Reached skill level 1 in Maces & Flails
  2295 | D:3      | Reached skill level 1 in Polearms
  2295 | D:3      | Reached skill level 1 in Staves
  2295 | D:3      | Reached skill level 1 in Slings
  2295 | D:3      | Reached skill level 1 in Bows
  2295 | D:3      | Reached skill level 1 in Crossbows
  2295 | D:3      | Reached skill level 1 in Stealth
  2295 | D:3      | Reached skill level 1 in Shields
  2295 | D:3      | Reached skill level 1 in Unarmed Combat
  2295 | D:3      | Reached skill level 1 in Evocations
  2508 | D:3      | Reached XP level 4. HP: 38/38 MP: 11/11
  2651 | D:3      | Found a white marble altar of Elyvilon.
  2994 | D:4      | Noticed Edmund
  3002 | D:3      | Reached skill level 1 in Conjurations
  3002 | D:3      | Reached skill level 1 in Hexes
  3002 | D:3      | Reached skill level 1 in Summonings
  3002 | D:3      | Reached skill level 1 in Necromancy
  3002 | D:3      | Reached skill level 1 in Transmutations
  3002 | D:3      | Reached skill level 1 in Fire Magic
  3002 | D:3      | Reached skill level 1 in Ice Magic
  3002 | D:3      | Reached skill level 1 in Air Magic
  3002 | D:3      | Reached skill level 1 in Earth Magic
  3002 | D:3      | Reached skill level 1 in Poison Magic
  3216 | D:4      | Slain by Edmund

Illustrated notes

Levels and vault maps discovered:
D:1:      dpeg_arrival_refuge, layout_rooms, minmay_pentomino_r2
D:2:      layout_loops_cross, nzn_hepliaklqana_mist_gate, serial_bayou,
          serial_bayou_pond_a, serial_bayou_crossing, serial_bayou_lake_a,
          serial_bayou_pond_a
D:3:      layout_basic, elyvilon_altar_3
D:4:      layout_cave_pools, cheibrodos_sewer_entry_sluice,
          dk_yredelemnul_ordeal, uniq_duvessa, uniq_edmund, uniq_natasha

Skill      XL: |  1  2  3  4 |
---------------+-------------+-----
Spellcasting   | 5 |  5.1
Invocations    | 1 |  1.4
Short Blades   | 1 |  1.2
Long Blades    | 1 |  1.2
Maces & Flails | 1 |  1.2
Polearms       | 1 |  1.2
Staves         | 1 |  1.2
Slings         | 1 |  1.2
Bows           | 1 |  1.2
Crossbows      | 1 |  1.2
Stealth        | 1 |  1.2
Shields        | 1 |  1.2
Unarmed Combat | 1 |  1.2
Evocations     | 1 |  1.2
Conjurations   | 1 |  1.0
Hexes          | 1 |  1.0
Summonings     | 1 |  1.0
Necromancy     | 1 |  1.0
Transmutations | 1 |  1.0
Fire Magic     | 1 |  1.0
Ice Magic      | 1 |  1.0
Air Magic      | 1 |  1.0
Earth Magic    | 1 |  1.0
Poison Magic   | 1 |  1.0
Fighting       | |  4.7
Axes           | |  4.7
Throwing       | |  2.8
Armour         | |  2.8
Dodging        | |  4.7
Translocations | |  5.5

Action                   |  1- 3 |  4- 6 || total
-------------------------+-------+-------++-------
Melee: Hand axe          |   124 |       ||   124
       Bite              |    14 |     4 ||    18
       Short sword       |    18 |    43 ||    61
 Cast: Gell's Gravitas   |     1 |     2 ||     3
       Teleport Other    |       |     1 ||     1
  Use: Scroll            |     5 |       ||     5
       Potion            |     1 |       ||     1
 Stab: Sleeping          |     1 |       ||     1
Armor: Leather armour    |    20 |     3 ||    23
       Ring mail         |       |    15 ||    15
Dodge: Dodged            |    78 |    40 ||   118
